 Dungeon Crawl Stone Soup version 0.21-a0-361-g4efd3f9 (webtiles) character file.

139084 grizmgrazm2 the Unseen (level 16, -14/105 HPs)
             Began as a Vampire Enchanter on Oct 13, 2017.
             Was the Champion of Dithmenos.
             Demolished by the 27-headed Lernaean hydra (15 damage)
             ... on level 4 of the Swamp.
             The game lasted 02:47:38 (42160 turns).

grizmgrazm2 the Unseen (Vampire Enchanter)         Turns: 42160, Time: 02:47:39

Health: -14/105    AC:  0    Str: 10    XL:     16   Next: 72%
Magic:  7/32       EV: 24    Int: 20    God:    Dithmenos [******]
Gold:   478        SH:  0    Dex: 21    Spells: 1/40 levels left

rFire    . . .     SeeInvis +   (weapon currently unavailable)
rCold    + + .     Gourm    .   (shield currently unavailable)
rNeg     + + +     Faith    .   (armour currently unavailable)
rPois    ∞         Spirit   .   (helmet currently unavailable)
rElec    .         Reflect  .   (cloak currently unavailable)
rCorr    .         Harm     .   (gloves currently unavailable)
MR       +....                  (boots currently unavailable)
Stlth    ++++++++++             B - amulet of magic regeneration
HPRegen  0.00/turn              (ring currently unavailable)
MPRegen  0.48/turn              (ring currently unavailable)

@: bat-form, flying, bloodless, non-regenerating, wreathed by umbra, very quick
A: fangs 3, see invisible
a: End Transformation, Shadow Step, Shadow Form, Renounce Religion


You were on level 4 of the Swamp.
You worshipped Dithmenos.
Dithmenos was exalted by your worship.
You were bloodless.
You were in vampire-bat-form.
You visited 6 branches of the dungeon, and saw 29 of its levels.

You collected 2298 gold pieces.
You spent 1820 gold pieces at shops.

Inventory:

Hand Weapons
 a - a +8 dagger of draining (melded)
Armour
 b - the +2 robe "Hitaudd" {rElec Slay+2 SInv}
   (You found it on level 12 of the Dungeon)

   It affects your accuracy and damage with ranged weapons and melee attacks
   (+2).
   It insulates you from electricity.
   It lets you see invisible.
 h - a +1 hat (melded)
 n - a +0 cloak (melded)
 r - a +0 pair of boots (melded)
 t - a +0 pair of gloves (melded)
 K - a +0 buckler (melded)
 M - +0 acid dragon scales (melded)
Jewellery
 e - a +3 ring of intelligence (melded)
 k - a +5 ring of protection (melded)
 p - an uncursed ring of fire
 B - an amulet of magic regeneration (around neck)
 G - the ring "Soucseg" {rC+ MP+9 Int-5 Stlth+}
   (You found it on level 5 of the Lair of Beasts)

   [ring of stealth]

   It affects your intelligence (-5).
   It protects you from cold.
   It affects your magic capacity (+9).
   It makes you more stealthy.
 H - an uncursed ring of resist corrosion
 Q - an uncursed ring of protection from cold
Wands
 d - a wand of polymorph (6/24)
 j - a wand of enslavement (9/24)
 u - a wand of lightning (11/15)
 A - a wand of polymorph (22/24)
 C - a wand of lightning (15/15)
 J - a wand of iceblast (13/15)
 S - a wand of digging (11/24)
Scrolls
 f - 14 scrolls of teleportation
 g - a scroll of identify
 o - 6 scrolls of fog
 L - 7 scrolls of remove curse
 P - 2 scrolls of blinking
Potions
 i - 2 potions of brilliance
 l - 3 potions of might
 m - 2 potions of invisibility
 q - 2 potions of agility
 w - 4 potions of curing
 E - 2 potions of resistance
 F - a potion of cancellation
 R - 8 potions of blood
Books
 c - a book of Maledictions

   Spells                             Type                      Level
   a - Corona                         Hexes                        1
   b - Ensorcelled Hibernation        Hexes/Ice                    2
   c - Confuse                        Hexes                        3
   d - Tukima's Dance                 Hexes                        3
   e - Dazzling Spray                 Conjuration/Hexes            3
 v - a book of Necromancy

   Spells                             Type                      Level
   a - Pain                           Necromancy                   1
   b - Animate Skeleton               Necromancy                   1
   c - Vampiric Draining              Necromancy                   3
   d - Regeneration                   Charms/Necromancy            3
   e - Animate Dead                   Necromancy                   4
   f - Control Undead                 Necromancy                   4
 y - a book of Misfortune

   Spells                             Type                      Level
   a - Confusing Touch                Hexes                        1
   b - Confuse                        Hexes                        3
   c - Gell's Gravitas                Translocation                3
   d - Petrify                        Transmutation/Earth          4
   e - Metabolic Englaciation         Hexes/Ice                    5
   f - Yara's Violent Unravelling     Hexes/Transmutation          5
 D - a book of Minor Magic

   Spells                             Type                      Level
   a - Magic Dart                     Conjuration                  1
   b - Blink                          Translocation                2
   c - Call Imp                       Summoning                    2
   d - Slow                           Hexes                        2
   e - Conjure Flame                  Conjuration/Fire             3
   f - Mephitic Cloud                 Conjuration/Poison/Air       3
 I - a book of Beasts

   Spells                             Type                      Level
   a - Summon Butterflies             Summoning                    1
   b - Call Canine Familiar           Summoning                    3
   c - Summon Ice Beast               Ice/Summoning                4
   d - Summon Mana Viper              Hexes/Summoning              5
   e - Summon Hydra                   Summoning                    7
 N - a book of Frost

   Spells                             Type                      Level
   a - Freeze                         Ice                          1
   b - Throw Frost                    Conjuration/Ice              2
   c - Ozocubu's Armour               Charms/Ice                   3
   d - Throw Icicle                   Conjuration/Ice              4
   e - Summon Ice Beast               Ice/Summoning                4
 O - a book of Debilitation

   Spells                             Type                      Level
   a - Corona                         Hexes                        1
   b - Slow                           Hexes                        2
   c - Inner Flame                    Hexes/Fire                   3
   d - Portal Projectile              Hexes/Translocation          3
   e - Cause Fear                     Hexes                        4
   f - Leda's Liquefaction            Hexes/Earth                  4
 T - a book of Alchemy

   Spells                             Type                      Level
   a - Sublimation of Blood           Necromancy                   2
   b - Ignite Poison                  Fire/Transmutation/Poison    3
   c - Petrify                        Transmutation/Earth          4
   d - Alistair's Intoxication        Transmutation/Poison         5
   e - Irradiate                      Conjuration/Transmutation    5
Miscellaneous
 x - a box of beasts


   Skills:
 + Level 3.6 Fighting
 * Level 9.8 Short Blades
 + Level 3.8 Armour
 + Level 4.8 Dodging
 + Level 19.1 Stealth
 + Level 0.9 Shields
 + Level 12.7 Spellcasting
 + Level 15.3 Hexes
 + Level 11.6 Summonings
 + Level 12.1 Necromancy
 + Level 0.3 Translocations
 + Level 6.7 Ice Magic


You had one spell level left.
You knew the following spells:

 Your Spells              Type           Power        Failure   Level  Hunger
a - Ensorcelled Hibernat  Hex/Ice        ######       1%          2    None
b - Confuse               Hex            ######..     1%          3    None
c - Tukima's Dance        Hex            ######..     1%          3    None
d - Animate Dead          Necr           N/A          1%          4    None
e - Metabolic Englaciati  Hex/Ice        ######....   1%          5    ####...
f - Blink                 Tloc           N/A          7%          2    None
g - Summon Ice Beast      Ice/Summ       #####...     1%          4    None
h - Summon Mana Viper     Hex/Summ       ######..     1%          5    ####...
i - Cause Fear            Hex            ######....   1%          4    None
j - Summon Hydra          Summ           ######....   34%         7    #######


Dungeon Overview and Level Annotations

Branches:
Dungeon (15/15)            Temple (0/1) D:6            Lair (6/6) D:10
  Swamp (4/4) Lair:4       Spider (1/4) Lair:4        Slime (0/5) Lair:6
    Orc (2/2) D:9             Elf (1/3) Orc:2        Vaults (0/5) D:14
 Depths (0/5) D:15

Altars:
Ashenzari
Dithmenos
Elyvilon
Kikubaaqudgha
Makhleb
Vehumet
Wu Jian
Xom
Zin
Beogh
Jiyva

Shops:
D:5 =   D:10 !!![   D:13 =   Orc:1 ((([(   Orc:2 !!(!

Annotations:
D:13 Frances, Snorg
Lair:3 2 transporters
Swamp:4 Lernaean hydra


Innate Abilities, Weirdness & Mutations

You do not heal naturally.
You are immune to poison.
You have razor-sharp teeth.
You have supernaturally acute eyesight. (SInv)
((You can survive without breathing.))


Message History

The 27-headed Lernaean hydra bites you.
* * * LOW HITPOINT WARNING * * *
You emit a cloud of dark smoke.
The 27-headed Lernaean hydra misses you.
The 27-headed Lernaean hydra bites you but does no damage.
The 27-headed Lernaean hydra bites you.
* * * LOW HITPOINT WARNING * * *
The 27-headed Lernaean hydra bites you but does no damage.
You turn into a vampire bat.
Your +8 dagger of draining melds into your body.
Your +0 cloak melds into your body.
Your +1 hat melds into your body.
Your +0 pair of gloves melds into your body.
Your +0 pair of boots melds into your body.
Your +0 buckler melds into your body.
Your +0 acid dragon scales melds into your body.
Your +5 ring of protection melds into your body.
Your +3 ring of intelligence melds into your body.
You feel stupid. The 27-headed Lernaean hydra bites you!
You die...

.≈≈≈§..≈≈≈≈≈≈≈≈≈≈≈≈≈≈≈.♣≈≈♣
.≈≈≈D...≈≈≈≈≈≈.≈≈≈≈≈≈≈...≈♣
♣♣D≈§.♣.≈≈≈≈≈≈≈.≈≈≈≈≈≈≈.≈♣♣
.≈≈≈≈...≈≈≈§.♣≈≈≈≈≈≈≈≈≈..♣♣♣
.n≈≈≈#####≈≈.≈≈≈≈≈≈≈≈≈.....♣♣♣
#'### ##≈..≈≈≈≈..........≈♣ .P
#≈≈§§§≈.≈≈.♣♣≈..≈≈≈♣ . ([
#(≈§♣§§.♣♣♣♣♣♣..≈≈.♣ P.≈#
#.≈§§§b♣♣♣≈≈≈.≈...♣♣ ≈(.'.
##≈≈§§D♣♣♣≈≈≈≈≈≈≈≈♣♣
...#'####≈≈≈§§§♣♣♣.≈≈≈...♣♣
.(...≈..#≈≈≈§.§§♣≈.≈≈≈.♣♣♣
.≈(.(≈8.#≈.≈≈≈.♣♣.≈....♣
.≈P...≈....≈≈≈.♣♣♣♣♣♣.≈♣♣♣♣♣♣
..#....#.≈≈≈≈.♣ ♣♣≈.≈≈..♣
###....§≈≈≈.♣♣ ♣♣≈.≈≈≈.≈♣
#.≈..#≈♣.≈≈≈.≈♣ ♣.≈≈≈≈≈.≈♣


You could see the 27-headed Lernaean hydra.

Vanquished Creatures
  A thorn hunter (Swamp:3)
  Kirke (Swamp:2)
  The ghost of tilp the Severer, a journeyman HOFE of Okawaru (D:13)
  A deep elf elementalist (Elf:1)
  The ghost of didya the Grappler, a journeyman TrMo of Okawaru (Lair:2)
  11 hydras
  3 vault guards (D:14)
  6 ghost crabs
  Erica (D:8)
  A tengu warrior (D:14)
  A dancing weapon (D:15)
  2 orc high priests (Orc:2)
  2 catoblepae (Lair:6)
  10 two-headed ogres
  4 alligators
  2 unseen horrors
  5 orc knights
  3 swamp dragons
  3 wolf spider zombies
  A wizard (D:14)
  3 orc sorcerers
  A wolf spider (Lair:4)
  2 ugly things
  9 slime creatures
  A cyclops (Orc:1)
  A centaur zombie (D:12)
  Maurice (D:13)
  3 torpor snails
  4 apocalypse crabs (Swamp:1)
  11 elephants
  2 black mambas
  11 spiny frogs
  2 gargoyles
  2 freezing wraiths (D:15)
  A rime drake (Lair:5)
  A kobold demonologist (D:11)
  5 komodo dragons
  2 yaktaurs (D:15)
  6 trolls
  2 hornets
  A tyrant leech (Swamp:4)
  A polar bear (Lair:5)
  A meliai (D:15)
  Prince Ribbit (D:8)
  10 blink frogs
  2 bog bodies (Swamp:2)
  9 dream sheep
  8 hippogriffs
  A spriggan (D:9)
  2 hogs (Swamp:2)
  A tarantella (Spider:1)
  38 yaks
  A water elemental (Elf:1)
  2 wyverns
  2 basilisks
  A hungry ghost (D:7)
  4 vampire mosquitoes
  6 insubstantial wisps (Swamp:4)
  4 wargs
  The ghost of Hasart the Chiller, an amateur OpIE of Gozag (D:3)
  12 swamp worms
  12 water moccasins
  An acid dragon (D:12)
  9 porcupines
  4 black bears
  26 orc warriors
  A swamp drake (Swamp:4)
  2 sky beasts
  An ice beast (D:7)
  2 eyes of draining
  2 phantoms
  10 ogres
  12 wolves
  9 centaurs
  10 crocodiles
  A big kobold (D:11)
  12 bullfrogs
  2 scorpions
  A water moccasin skeleton (D:11)
  11 killer bees
  4 wights
  An electric eel (Lair:1)
  A howler monkey (D:5)
  6 crimson imps
  8 hounds
  A jelly (D:11)
  10 orc priests
  3 centaur skeletons
  11 orc wizards
  3 bullfrog skeletons
  6 iguanas
  6 worker ants
  A hound skeleton (D:11)
  2 worker ant zombies
  6 gnolls (D:6)
  13 adders
  4 shadow imps
  An adder skeleton (D:6)
  3 worms
  2 dart slugs
  2 leopard geckos
  50 orcs
  A ball python (D:4)
  4 giant cockroaches
  4 goblins
  9 hobgoblins
  6 jackals
  4 quokkas
  9 bats
  3 frilled lizards
  10 kobolds
  A quokka skeleton (D:7)
  A quokka zombie (D:5)
  4 rats
566 creatures vanquished.

Vanquished Creatures (collateral kills)
  Nikola (Swamp:3)
  An orc warlord (Orc:2)
  A dire elephant (Lair:6)
  An ettin (D:15)
  The ghost of Syneil the Severer, a journeyman MiFi of Hepliaklqana (Lair:2)
  A vault guard (D:14)
  12 hydras
  2 alligators
  3 centaur warriors
  5 death yaks
  5 two-headed ogres
  2 ogre magi (D:15)
  2 orc high priests (Orc:2)
  A deep troll shaman (Lair:6)
  5 swamp dragons (Swamp:4)
  A death drake (shapeshifter) (D:15)
  2 wizards (D:14)
  A deep troll (D:15)
  4 spriggan druids
  2 orc knights
  5 ugly things (D:14)
  2 manticores
  3 orc sorcerers (Orc:2)
  7 elephants
  3 black mambas
  2 centaur skeletons (D:15)
  3 spiny frogs
  3 gargoyles
  2 rime drakes (D:13)
  4 yaktaurs (D:15)
  2 tyrant leeches
  9 hornets
  2 meliai (D:15)
  A troll (Orc:2)
  A wind drake (shapeshifter) (D:13)
  6 blink frogs
  11 bog bodies
  A hippogriff (D:14)
  3 dream sheep
  18 slime creatures
  8 spriggans
  7 yaks
  A basilisk (Lair:6)
  2 hogs (Swamp:2)
  13 vampire mosquitoes
  5 swamp worms
  3 water moccasins
  10 swamp drakes
  A hornet zombie (D:15)
  5 ogres
  A sky beast (D:15)
  13 orc warriors
  An ice beast (D:15)
  A phantom (D:12)
  18 wolves
  A big kobold (D:14)
  2 bullfrogs
  A killer bee (D:7)
  7 wights
  2 crimson imps
  A howler monkey (D:14)
  24 orc priests
  A jelly (D:14)
  5 orc wizards
  A worker ant zombie (D:7)
  43 orcs
  7 kobolds (D:14)
  2 fungi
  2 plants (Lair:6)
329 creatures vanquished.

Vanquished Creatures (others)
  2 dancing weapons
  A spiny frog (Swamp:3)
  An orc (Orc:1)
  10 fungi
  14 plants
28 creatures vanquished.

Grand Total: 923 creatures vanquished

Notes
Turn   | Place    | Note
-------+----------+-------------------------------------------
     0 | D:1      | grizmgrazm2 the Vampire Enchanter began the quest for the Orb.
     0 | D:1      | Reached XP level 1. HP: 13/13 MP: 3/3
   206 | D:1      | Reached skill level 5 in Stealth
   251 | D:1      | Reached XP level 2. HP: 19/19 MP: 5/5
   531 | D:1      | Learned a level 2 spell: Ensorcelled Hibernation
  1027 | D:2      | Reached XP level 3. HP: 24/24 MP: 3/6
  1280 | D:2      | Reached skill level 6 in Stealth
  1383 | D:2      | Reached XP level 4. HP: 29/30 MP: 3/8
  2138 | D:3      | Noticed Hasart's ghost (amateur OpIE)
  2151 | D:4      | Noticed an ogre
  2154 | D:4      | Killed an ogre
  2154 | D:4      | Reached skill level 7 in Stealth
  2154 | D:4      | Reached skill level 5 in Hexes
  2154 | D:4      | Reached skill level 1 in Ice Magic
  2154 | D:4      | Reached XP level 5. HP: 35/35 MP: 7/9
  2159 | D:4      | Learned a level 3 spell: Confuse
  2163 | D:4      | Learned a level 3 spell: Tukima's Dance
  2175 | D:4      | Noticed an ogre
  2214 | D:3      | You are sucked into a shaft for 2 floors!
  2214 | D:5      | Entered Level 5 of the Dungeon
  2285 | D:5      | Found Fufasonybir's Jewellery Shop.
  2288 | D:5      | Bought a +3 ring of dexterity for 188 gold pieces
  2417 | D:5      | Reached XP level 6. HP: 42/42 MP: 8/11
  2514 | D:5      | Reached skill level 8 in Stealth
  3053 | D:4      | Noticed a wyvern
  3061 | D:4      | Killed a wyvern
  3061 | D:4      | Reached skill level 1 in Armour
  3061 | D:4      | Reached XP level 7. HP: 45/47 MP: 3/13
  3771 | D:4      | Reached skill level 9 in Stealth
  4075 | D:5      | Reached XP level 8. HP: 53/53 MP: 3/15
  4253 | D:5      | Reached skill level 10 in Stealth
  4653 | D:6      | Found a shadowy altar of Dithmenos.
  4700 | D:6      | Reached skill level 1 in Fighting
  4703 | D:6      | Became a worshipper of Dithmenos the Shadowed
  4875 | D:6      | Reached skill level 5 in Spellcasting
  4914 | D:6      | Reached skill level 11 in Stealth
  4970 | D:6      | Learned a level 4 spell: Animate Dead
  5076 | D:6      | Found a staircase to the Ecumenical Temple.
  5391 | D:7      | Reached skill level 1 in Necromancy
  5593 | D:7      | Reached XP level 9. HP: 59/59 MP: 6/17
  5732 | D:7      | Reached * piety under Dithmenos
  5732 | D:7      | Reached skill level 12 in Stealth
  5891 | D:7      | Found a white marble altar of Elyvilon.
  5904 | D:7      | Found an ancient bone altar of Kikubaaqudgha.
  5953 | D:7      | Found an ornate altar of the Wu Jian Council.
  6069 | D:7      | Found a shattered altar of Ashenzari.
  6070 | D:7      | Found a burning altar of Makhleb.
  6072 | D:7      | Found a glowing silver altar of Zin.
  7274 | D:8      | Noticed Prince Ribbit
  7277 | D:8      | Killed Prince Ribbit
  7701 | D:8      | Noticed Erica
  7721 | D:8      | Killed Erica
  7868 | D:8      | Learned a level 2 spell: Blink
  7966 | D:9      | Learned a level 5 spell: Metabolic Englaciation
  7984 | D:9      | Reached skill level 13 in Stealth
  7984 | D:9      | Reached XP level 10. HP: 66/66 MP: 19/19
  8068 | D:9      | Found a staircase to the Orcish Mines.
  8073 | D:9      | Noticed a two-headed ogre
  8083 | D:9      | Killed a two-headed ogre
  8199 | D:9      | Noticed a two-headed ogre
  8204 | D:9      | Killed a two-headed ogre
  8433 | D:10     | Entered Level 10 of the Dungeon
  8442 | D:10     | Reached skill level 5 in Necromancy
  8455 | D:10     | Reached skill level 14 in Stealth
  8486 | D:10     | Reached ** piety under Dithmenos
  8707 | D:10     | Noticed a gargoyle
  8736 | D:10     | Killed a gargoyle
  8736 | D:10     | Reached skill level 10 in Hexes
  9011 | D:10     | Found a staircase to the Lair.
  9089 | D:10     | Reached XP level 11. HP: 72/72 MP: 11/22
  9304 | D:10     | Noticed a two-headed ogre
 10170 | D:10     | Found Kamaf's Distillery.
 10174 | D:10     | Found Fenkuhyme's Distillery.
 10178 | D:10     | Bought a potion of curing for 30 gold pieces
 10178 | D:10     | Bought a potion of heal wounds for 50 gold pieces
 10178 | D:10     | Bought a potion of resistance for 100 gold pieces
 10178 | D:10     | Bought a potion of haste for 100 gold pieces
 10178 | D:10     | Bought a potion of lignification for 30 gold pieces
 10296 | D:10     | Found Degirch's Distillery.
 10298 | D:10     | Bought a potion of degeneration for 15 gold pieces
 10380 | D:10     | Found Riatef's Antique Armour Emporium.
 10403 | D:10     | Killed a two-headed ogre
 11010 | D:10     | Learned a level 5 spell: Summon Mana Viper
 11436 | D:11     | Reached skill level 1 in Summonings
 11472 | D:11     | Reached skill level 5 in Short Blades
 11482 | D:11     | Reached skill level 15 in Stealth
 11773 | D:12     | Noticed a white ugly thing
 11777 | D:12     | Killed a white ugly thing
 11920 | D:12     | Reached *** piety under Dithmenos
 11967 | D:12     | Noticed an unseen horror
 11973 | D:12     | Killed an unseen horror
 12249 | D:12     | Got a steaming robe
 12260 | D:12     | Identified the +2 robe "Hitaudd" {rElec Slay+2 SInv} (You found it on level 12 of the Dungeon)
 12523 | D:13     | Noticed Maurice
 12530 | D:13     | Noticed tilp's ghost (journeyman HOFE)
 13120 | Lair:1   | Entered Level 1 of the Lair of Beasts
 13239 | Lair:1   | Reached skill level 16 in Stealth
 13773 | Lair:1   | Reached **** piety under Dithmenos
 13779 | Lair:1   | Reached XP level 12. HP: 80/80 MP: 13/24
 14010 | Lair:2   | Noticed Syneil's ghost (journeyman MiFi)
 14028 | Lair:2   | Killed Syneil's ghost
 14047 | Lair:2   | Noticed didya's ghost (journeyman TrMo)
 14637 | Lair:2   | Killed didya's ghost
 15041 | Lair:3   | Noticed a six-headed hydra
 15046 | Lair:3   | Noticed a seven-headed hydra
 15048 | Lair:3   | Killed a six-headed hydra
 15056 | Lair:3   | Killed a seven-headed hydra
 15122 | Lair:3   | Found a transporter.
 15141 | Lair:3   | Found a transporter.
 15279 | Lair:3   | Reached skill level 17 in Stealth
 15706 | Lair:4   | Found a staircase to the Swamp.
 16123 | Lair:4   | Noticed an eight-headed hydra
 16129 | Lair:4   | Killed an eight-headed hydra
 16129 | Lair:4   | Reached skill level 5 in Summonings
 16428 | Lair:4   | Found a hole to the Spider Nest.
 16791 | Lair:6   | Entered Level 6 of the Lair of Beasts
 17056 | Lair:5   | Reached skill level 10 in Spellcasting
 17056 | Lair:5   | Reached XP level 13. HP: 43/85 MP: 13/27
 17521 | Lair:5   | Got a bound tin ring
 17523 | Lair:5   | Identified the ring "Soucseg" {rC+ MP+9 Int-5 Stlth+} (You found it on level 5 of the Lair of Beasts)
 17733 | Lair:6   | Found a viscous altar of Jiyva.
 17733 | Lair:6   | Found a staircase to the Slime Pits.
 17884 | Orc:1    | Entered Level 1 of the Orcish Mines
 17908 | Orc:1    | Found Yjiups's Weapon Emporium.
 17967 | Orc:1    | Found Zuutaxill's Weapon Emporium.
 17999 | Orc:1    | Reached ***** piety under Dithmenos
 18617 | D:10     | Bought a potion of experience for 750 gold pieces
 18617 | D:10     | Reached XP level 14. HP: 93/93 MP: 28/28
 18623 | D:10     | Learned a level 4 spell: Summon Ice Beast
 18670 | Orc:1    | Found Nasapn's Antique Weapon Shoppe.
 18750 | Orc:1    | Found Ucho's Armour Shop.
 18756 | Orc:1    | Found Gobek's Antique Weapon Boutique.
 18784 | Orc:1    | Bought a +0 buckler for 49 gold pieces
 19049 | Orc:2    | Entered Level 2 of the Orcish Mines
 19424 | Orc:2    | Found Geguf's Distillery.
 19528 | Orc:2    | Bought a potion of mutation for 128 gold pieces
 19528 | Orc:2    | Bought a potion of berserk rage for 80 gold pieces
 20502 | Orc:2    | Found a staircase to the Elven Halls.
 20831 | Orc:2    | Reached ****** piety under Dithmenos
 20841 | Orc:2    | Reached skill level 10 in Necromancy
 21058 | Orc:2    | Found a roughly hewn altar of Beogh.
 21063 | Orc:2    | Found Rastroxt's Distillery.
 21068 | Orc:2    | Bought 2 potions of heal wounds for 100 gold pieces
 21068 | Orc:2    | Bought a potion of heal wounds for 50 gold pieces
 21073 | Orc:2    | Found Zokhly's Distillery.
 21093 | Orc:2    | Reached skill level 18 in Stealth
 21708 | Orc:2    | Noticed an orc warlord
 21756 | Orc:2    | Killed an orc warlord
 21915 | Orc:2    | Found a roughly hewn altar of Beogh.
 22019 | Orc:2    | Found Koaxu Kett's Antique Weapon Shop.
 24252 | Lair:5   | Reached skill level 10 in Summonings
 24602 | Lair:6   | Reached XP level 15. HP: 75/98 MP: 27/30
 24640 | Lair:6   | Learned a level 4 spell: Cause Fear
 24940 | Lair:6   | Reached skill level 5 in Ice Magic
 28429 | D:13     | Noticed Frances
 29061 | Swamp:1  | Entered Level 1 of the Swamp
 29326 | Swamp:1  | Found a runed door.
 30679 | Spider:1 | Entered Level 1 of the Spider Nest
 31037 | D:3      | Killed Hasart's ghost
 31355 | Elf:1    | Entered Level 1 of the Elven Halls
 31370 | Elf:1    | Found a radiant altar of Vehumet.
 31534 | D:10     | Bought a potion of heal wounds for 75 gold pieces
 31534 | D:10     | Bought a potion of heal wounds for 75 gold pieces
 32174 | D:13     | Killed Maurice
 32637 | D:14     | Found a shimmering altar of Xom.
 32638 | D:14     | Found a shimmering altar of Xom.
 32639 | D:14     | Found a shimmering altar of Xom.
 32639 | D:14     | Found a shimmering altar of Xom.
 33049 | D:14     | Found a gate to the Vaults.
 33367 | D:15     | Entered Level 15 of the Dungeon
 35084 | D:15     | Reached XP level 16. HP: 90/104 MP: 32/32
 35271 | D:15     | Found a staircase to the Depths.
 35611 | D:13     | Killed tilp's ghost
 35916 | D:13     | Found Luat's Jewellery Emporium.
 35950 | D:13     | Noticed Snorg
 37244 | Swamp:1  | Paralysed by you for 7 turns
 37441 | Swamp:1  | Learned a level 7 spell: Summon Hydra
 38716 | Swamp:3  | Noticed Nikola
 39260 | Swamp:3  | Noticed a thorn hunter
 39264 | Swamp:3  | Killed a thorn hunter
 39886 | Swamp:3  | Killed Nikola
 39886 | Swamp:3  | Reached skill level 15 in Hexes
 40525 | Swamp:4  | Entered Level 4 of the Swamp
 40830 | Swamp:2  | Noticed Kirke
 40840 | Swamp:2  | Killed Kirke
 40840 | Swamp:2  | Reached skill level 19 in Stealth
 41952 | Swamp:4  | Noticed the 27-headed Lernaean hydra
 42158 | Swamp:4  | HP: 4/105 [the 27-headed Lernaean hydra (5)]
 42158 | Swamp:4  | HP: 1/105 [the 27-headed Lernaean hydra (3)]
 42160 | Swamp:4  | Demolished by the 27-headed Lernaean hydra

Vault maps used:
D:1:      minmay_arrival_split_and_join, minmay_bisected
D:3:      nicolae_ru_the_path_less_chosen
D:4:      first_bread, hangedman_decor_points
D:5:      serial_shops, nicolae_shop_behind_doors
D:6:      nicolae_dithmenos_the_darkroom, temple_hall
D:7:      grunt_temple_overflow_open
D:8:      uniq_erica, uniq_prince_ribbit1
D:9:      orc_0_dummy, the_bakery
D:10:     david_lair_shrubbed, serial_shops, shop, shop,
          nicolae_shop_competitors_out_of_business, nicolae_shop_waterfront,
          enter_bailey_8
D:13:     serial_shops, shop, portal_ice_cave_rime, uniq_frances, uniq_snorg,
          uniq_maurice
D:14:     grunt_vaults_entry_fortified, eino_curves_04, xom_redecorated
D:15:     hangedman_depths_entry_civil_slaughter, minivault_26, wad_dig_loot
Lair:3:   gammafunk_cloud_chamber
Lair:4:   minmay_swamp_entry_swarm, dummy_spider_entry, grunt_megastairs_3
Lair:6:   grunt_lair_end_beastmaster, slime_altar_1,
          grunt_forest_large_clearings, grunt_megastairs_2
Swamp:1:  gammafunk_mikee_crab_dinner, serial_swamp_ruin,
          evilmike_swamp_ruin_house_1, evilmike_swamp_ruin_rubble_2,
          hangedman_swamp_ruin_hall
Swamp:2:  evilmike_swamp_ruin_rubble_1, uniq_kirke
Swamp:3:  infiniplex_staircase_pool_2, uniq_nikola
Swamp:4:  grunt_swamp_rune_castle
Spider:1: nicolae_spider_circle_web, uniq_josephine
Orc:1:    serial_shops, shop, shop, shop, shop,
          nicolae_shop_temple_entry_statues_fountains
Orc:2:    pubby_orc_utopia, serial_shops
Elf:1:    eino_elf_arrival_altar, serial_shops, shop, minmay_elf_demonology,
          uniq_donald

Skill      XL: |  1  2  3  4  5  6  7  8  9 10 11 12 13 14 15 16 |
---------------+-------------------------------------------------+-----
Stealth        | 5 6 7 8 9 11 13 14 16 17 18 19 | 19.1
Spellcasting   | 3 4 5 6 7 8 10 11 12 | 12.7
Hexes          | 5 6 7 8 9 10 11 12 13 14 15 | 15.3
Ice Magic      | 1 2 3 4 5 6 |  6.7
Armour         | 1 2 3 |  3.8
Short Blades   | 2 3 4 5 6 8 9 |  9.8
Fighting       | 1 2 3 |  3.6
Necromancy     | 1 4 6 7 9 10 11 12 | 12.1
Dodging        | 3 4 |  4.8
Summonings     | 3 5 9 10 11 | 11.6
Shields        | |  0.9
Translocations | |  0.3

Action                   |  1- 3 |  4- 6 |  7- 9 | 10-12 | 13-15 | 16-18 || total
-------------------------+-------+-------+-------+-------+-------+-------++-------
Melee: Dagger            |    91 |    73 |   239 |   396 |   573 |   150 ||  1522
       Bite              |     6 |     5 |    28 |    38 |    48 |    17 ||   142
 Cast: Corona            |     9 |     2 |       |       |       |       ||    11
       Ensorcelled Hiber |    13 |    36 |    44 |    61 |    90 |    21 ||   265
       Confuse           |       |     7 |    41 |   130 |   159 |   110 ||   447
       Animate Dead      |       |       |    11 |    12 |    69 |    30 ||   122
       Tukima's Dance    |       |       |     1 |    10 |    36 |     4 ||    51
       Summon Mana Viper |       |       |       |       |   133 |    53 ||   186
       Summon Ice Beast  |       |       |       |       |   104 |   141 ||   245
       Metabolic Englaci |       |       |       |       |     3 |       ||     3
       Blink             |       |       |       |       |     2 |     1 ||     3
 Abil: Bat Form          |       |     3 |     2 |     3 |     9 |     3 ||    20
       End Transformatio |       |     3 |     2 |     3 |     9 |     2 ||    19
Evoke: Wand              |       |       |       |       |       |     2 ||     2
  Use: Potion            |     1 |     1 |     4 |    13 |    42 |    13 ||    74
       Scroll            |       |       |     9 |    12 |    14 |    10 ||    45
 Stab: Sleeping          |    20 |    28 |    47 |    83 |   119 |    33 ||   330
       Confused          |       |     4 |    21 |    70 |    69 |    23 ||   187
       Distracted        |       |       |       |     1 |     6 |     1 ||     8
  Eat: Corpse            |       |       |       |       |       |     1 ||     1
Armor: Leather armour    |    39 |    22 |     3 |       |       |       ||    64
       Robe              |     5 |       |    43 |    24 |       |       ||    72
       Acid dragon scale |       |       |       |    43 |   264 |    98 ||   405
Dodge: Dodged            |    80 |    55 |   108 |   160 |   482 |   109 ||   994
Block: Buckler           |       |       |       |       |    96 |    27 ||   123

Table legend:
 A = Spawn XP
 B = Non-spawn XP
 C = Spawn XP percentage of total XP
 D = Spawn monster count
 E = Non-spawn monster count
 F = Spawn count percentage of total count
 G = Total turns spent on level
                    A         B        C        D         E        F      G
               +---------+---------+-------+---------+---------+-------+---------
         Total |       0 |  168948 |   0.0 |       0 |     890 |   0.0 | 42160
               +---------+---------+-------+---------+---------+-------+---------
           D:1 |       0 |      38 |   0.0 |       0 |      25 |   0.0 |  1026
           D:2 |       0 |      72 |   0.0 |       0 |      15 |   0.0 |   894
           D:3 |       0 |     192 |   0.0 |       0 |      14 |   0.0 |   306
           D:4 |       0 |     868 |   0.0 |       0 |      17 |   0.0 |  1442
           D:5 |       0 |     729 |   0.0 |       0 |      24 |   0.0 |  1093
           D:6 |       0 |     530 |   0.0 |       0 |      15 |   0.0 |   585
           D:7 |       0 |    1466 |   0.0 |       0 |      33 |   0.0 |  1920
           D:8 |       0 |    1579 |   0.0 |       0 |      11 |   0.0 |   897
           D:9 |       0 |    2653 |   0.0 |       0 |       9 |   0.0 |   700
          D:10 |       0 |    4188 |   0.0 |       0 |      31 |   0.0 |  2880
          D:11 |       0 |    1420 |   0.0 |       0 |      24 |   0.0 |  1111
          D:12 |       0 |    5505 |   0.0 |       0 |      27 |   0.0 |  2405
          D:13 |       0 |    3937 |   0.0 |       0 |      13 |   0.0 |   605
          D:14 |       0 |   15243 |   0.0 |       0 |      52 |   0.0 |  1947
          D:15 |       0 |   14033 |   0.0 |       0 |      62 |   0.0 |  1359
        Lair:1 |       0 |    3085 |   0.0 |       0 |      19 |   0.0 |  1332
        Lair:2 |       0 |    5150 |   0.0 |       0 |      16 |   0.0 |   784
        Lair:3 |       0 |    6770 |   0.0 |       0 |      28 |   0.0 |  1043
        Lair:4 |       0 |    2544 |   0.0 |       0 |       9 |   0.0 |  1103
        Lair:5 |       0 |   14732 |   0.0 |       0 |      66 |   0.0 |  3800
        Lair:6 |       0 |   13660 |   0.0 |       0 |      58 |   0.0 |  2357
       Swamp:1 |       0 |   14415 |   0.0 |       0 |      37 |   0.0 |  2942
       Swamp:2 |       0 |    8715 |   0.0 |       0 |      36 |   0.0 |  1778
       Swamp:3 |       0 |    8759 |   0.0 |       0 |      25 |   0.0 |  1569
       Swamp:4 |       0 |   15359 |   0.0 |       0 |      48 |   0.0 |  1371
      Spider:1 |       0 |     210 |   0.0 |       0 |       1 |   0.0 |    20
         Orc:1 |       0 |    4163 |   0.0 |       0 |      39 |   0.0 |  1035
         Orc:2 |       0 |   17254 |   0.0 |       0 |     134 |   0.0 |  3823
         Elf:1 |       0 |    1679 |   0.0 |       0 |       2 |   0.0 |    33
               +---------+---------+-------+---------+---------+-------+---------
